 Dungeon Crawl Stone Soup version 0.29.1-15-g9cfb28693d (webtiles) character file.

Game seed: 13519580571240253666

231 Cauliflower the Insei (level 6, -6/47 HPs)
             Began as a Gnoll Transmuter on Apr 16, 2023.
             Mangled by Crazy Yiuf
             ... wielding a +4 quarterstaff of chaos
              (12 damage)
             ... on level 3 of the Dungeon.
             The game lasted 00:10:25 (2460 turns).

Cauliflower the Insei (Gnoll Transmuter)            Turns: 2460, Time: 00:10:26

Health: -6/47      AC:  2    Str: 10    XL:     6   Next: 4%
Magic:  11/13      EV: 22    Int: 14    God:
Gold:   243        SH:  0    Dex: 17    Spells: 5/15 levels left

rFire   . . .      SeeInvis .     - Unarmed
rCold   . . .      Faith    .   (shield currently unavailable)
rNeg    . . .      Spirit   .   (body armour currently unavailable)
rPois   x          Reflect  .   (helmet currently unavailable)
rElec   .          Harm     .   (cloak currently unavailable)
rCorr   .          Rampage  .   (gloves currently unavailable)
Will    .....                   (boots currently unavailable)
Stlth   ++........              O - amulet of the acrobat
HPRegen 0.15/turn               (no ring)
MPRegen 0.13/turn               (no ring)

@: spider-form, invisible
A: venomous fangs, tiny, (fangs 1), strong nose, distributed training
a: End Transformation


You were on level 3 of the Dungeon.
You were a venomous arachnid creature.
You visited 1 branch of the dungeon, and saw 3 of its levels.

You collected 281 gold pieces.
You spent 38 gold pieces at shops.

Inventory:

Hand Weapons
 b - a +0 sling (melded)
 e - a +1 vorpal hammer
 s - a +0 falchion of holy wrath
Missiles
 d - 17 stones
 h - 3 poisoned darts
 i - 4 datura-tipped darts
Armour
 A - a +0 robe
 S - a +0 leather armour (melded)
 X - a +0 pair of boots (melded)
Jewellery
 O - an amulet of the acrobat (around neck)
Wands
 q - a wand of flame (9)
Scrolls
 a - 2 scrolls of silence
 j - a scroll of acquirement
 k - a scroll of immolation {unknown}
 m - a scroll of vulnerability {unknown}
 p - a scroll of poison {unknown}
 t - a scroll of noise {unknown}
Potions
 c - a potion of lignification
 g - 4 potions of flight
 l - a potion of berserk rage {unknown}
 o - a potion of curing {unknown}
 r - a potion of attraction {unknown}


   Skills:
 + Level 3.1 Fighting
 + Level 1.8 Short Blades
 + Level 1.8 Long Blades
 + Level 1.8 Axes
 + Level 1.8 Maces & Flails
 + Level 1.8 Polearms
 + Level 1.8 Staves
 + Level 1.8 Ranged Weapons
 + Level 1.8 Throwing
 + Level 1.8 Armour
 + Level 4.9 Dodging
 + Level 1.8 Stealth
 + Level 1.8 Shields
 + Level 6.8 Unarmed Combat
 + Level 5.3 Spellcasting
 + Level 1.4 Conjurations
 + Level 1.4 Hexes
 + Level 1.4 Summonings
 + Level 1.4 Necromancy
 + Level 1.4 Translocations
 + Level 4.0 Transmutations
 + Level 1.4 Fire Magic
 + Level 1.4 Ice Magic
 + Level 1.4 Air Magic
 + Level 1.4 Earth Magic
 + Level 1.4 Poison Magic
 + Level 2.0 Invocations
 + Level 1.8 Evocations


You had 5 spell levels left.
You knew the following spells:

 Your Spells              Type           Power      Damage    Failure   Level
a - Beastly Appendage     Tmut           30%        N/A       11%         1
b - Wereblood             Tmut           15%        N/A       14%         2
c - Spider Form           Tmut/Pois      11%        N/A       34%         3
d - Ice Form              Ice/Tmut       11%        N/A       69%         4

Your spell library contained the following spells:

 Spells                   Type           Power      Damage    Failure   Level
 Freeze                   Ice            28%        1d5       24%         1
 Frozen Ramparts          Ice            14%        1d3       50%         3
 Hailstorm                Conj/Ice       7%         3d4       85%         4


Dungeon Overview and Level Annotations

Branches:
Dungeon (3/15)

Altars:

Shops:
D:1 (   D:3 (

Annotations:
D:3 2 transporters, Crazy Yiuf


Innate Abilities, Weirdness & Mutations

You are a venomous arachnid creature.
You have poisonous fangs.
You are tiny and dextrous.
Your spellcasting is less reliable in this form.
Your armour is entirely melded.
You are incapable of wielding weapons or throwing items.
((You have very sharp teeth.))
Your uncanny sense of smell can sniff out nearby items.
Your experience applies equally to all skills.


Message History

j - a scroll of acquirement You shoot a sling bullet.
The sling bullet hits the hobgoblin.
You kill the hobgoblin!
You see here a +1 hat.
The shadow imp shouts, "Back with thee, thou qualling ill-breeding socdollager!"
Found a hammer.
Found a transporter.
Found a hammer.
The shadow imp shouts, "Back with thee, thou artless weeb-spouting zombie-fodder!"
Found two hammers.
The shadow imp shouts, "Scamper hence, thou churlish mumble-news zombie-fodder!"
You see here a +1 vorpal hammer.
e - a +1 vorpal hammer You see here a +0 hammer.
You see here a +0 hammer.
You see here a +0 hammer.
Found a hammer.
Found a runed translucent door.
Casting: Spider Form (dangerous; 22% risk of failure)
Confirm with . or Enter, or press ? or * to list all spells.
You turn into a venomous arachnid creature.
Your +0 sling melds into your body.
Your +0 pair of boots melds into your body.
Your +0 leather armour melds into your body.
You open the door.
Crazy Yiuf cries, "Gum!"
Crazy Yiuf cries, "Peeping!
Goldfish alas action."
You hit Crazy Yiuf but do no damage.
Crazy Yiuf is poisoned.
Crazy Yiuf barely misses you.
You barely miss Crazy Yiuf.
Crazy Yiuf hits you with a +4 quarterstaff of chaos!
Crazy Yiuf freezes you. Crazy Yiuf attacks as you move away!
Crazy Yiuf hits you with a +4 quarterstaff of chaos!
You are electrocuted!
* * * LOW HITPOINT WARNING * * *
You fade into invisibility!
Crazy Yiuf misses you.
You hit Crazy Yiuf but do no damage.
Crazy Yiuf is lightly wounded.
Crazy Yiuf hits you with a +4 quarterstaff of chaos!
You die...

#.......# ... #.####### ...
#.###.### .. #..##.... ..####.
#).##.##. ©......####♣♣ ###
#..##.##. #####.......♣♣ ♣♣#..)#
#..'..##. ©$P8#........♣♣♣♣g'...#
#..##.... $..P#....)))..♣.s♣#...#
#..##+### +####.....)..♣.♣♣♣ ###
#..#....# ..≈5#....##♣♣♣♣♣
#..+..... ..≈5#...## #'##.....
~P≈.#...#################.##....#
⌠~≈.#...................#.#######
~~≈.#..####.##..........#)#+##...
..≈.#.......##...............####
..≈.#.#####.##....>..........####


You could see Crazy Yiuf (unable to see you, very poisoned).

Vanquished Creatures
  Jessica (D:2)
  Natasha (thrice) (D:2)
  2 adders (D:2)
  4 worms
  5 dart slugs
  2 orcs (D:3)
  7 ball pythons
  11 endoplasms
  4 giant cockroaches
  8 goblins
  14 hobgoblins
  7 jackals (D:1)
  3 quokkas
  2 bats (D:1)
  2 frilled lizards
  4 kobolds (D:1)
  4 rats
83 creatures vanquished.

Notes
Turn   | Place    | Note
-------+----------+-------------------------------------------
     0 | D:1      | Cauliflower the Gnoll Transmuter began the quest for the
                  | Orb.
     0 | D:1      | Reached XP level 1. HP: 17/17 MP: 6/6
    12 | D:1      | Noticed a water moccasin
    12 | D:1      | Noticed a black bear
    12 | D:1      | Noticed an iguana
   131 | D:1      | Reached XP level 2. HP: 23/23 MP: 5/7
   140 | D:1      | Learned a level 2 spell: Wereblood
   179 | D:1      | Reached skill level 5 in Spellcasting
   179 | D:1      | Reached XP level 3. HP: 28/28 MP: 5/9
   183 | D:1      | Learned a level 3 spell: Spider Form
   348 | D:1      | Reached skill level 1 in Invocations
   364 | D:1      | Found Reloz's Weapon Shoppe.
   400 | D:1      | Bought 3 poisoned darts for 16 gold pieces
   436 | D:1      | Bought 4 datura-tipped darts for 22 gold pieces
   632 | D:1      | Found a faded altar of an unknown god.
   662 | D:1      | Reached skill level 1 in Short Blades
   662 | D:1      | Reached skill level 1 in Long Blades
   662 | D:1      | Reached skill level 1 in Axes
   662 | D:1      | Reached skill level 1 in Maces & Flails
   662 | D:1      | Reached skill level 1 in Polearms
   662 | D:1      | Reached skill level 1 in Staves
   662 | D:1      | Reached skill level 1 in Ranged Weapons
   662 | D:1      | Reached skill level 1 in Throwing
   662 | D:1      | Reached skill level 1 in Armour
   662 | D:1      | Reached skill level 1 in Stealth
   662 | D:1      | Reached skill level 1 in Shields
   662 | D:1      | Reached skill level 1 in Evocations
   996 | D:2      | Noticed Jessica
   999 | D:2      | Killed Jessica
  1000 | D:2      | Reached XP level 4. HP: 34/34 MP: 11/11
  1005 | D:2      | Learned a level 4 spell: Ice Form
  1012 | D:2      | Reached skill level 1 in Conjurations
  1012 | D:2      | Reached skill level 1 in Hexes
  1012 | D:2      | Reached skill level 1 in Summonings
  1012 | D:2      | Reached skill level 1 in Necromancy
  1012 | D:2      | Reached skill level 1 in Translocations
  1012 | D:2      | Reached skill level 1 in Fire Magic
  1012 | D:2      | Reached skill level 1 in Ice Magic
  1012 | D:2      | Reached skill level 1 in Air Magic
  1012 | D:2      | Reached skill level 1 in Earth Magic
  1012 | D:2      | Reached skill level 1 in Poison Magic
  1401 | D:2      | Noticed Natasha
  1406 | D:2      | Killed Natasha
  1407 | D:2      | Reached XP level 5. HP: 40/40 MP: 5/12
  1512 | D:2      | Noticed Natasha
  1525 | D:2      | Killed Natasha
  1908 | D:3      | Found a transporter.
  1935 | D:2      | Noticed Natasha
  1943 | D:2      | Killed Natasha
  1989 | D:3      | Found Gicub's Weapon Boutique.
  2165 | D:3      | Reached XP level 6. HP: 47/47 MP: 13/13
  2398 | D:3      | Identified a scroll of acquirement
  2437 | D:3      | Found a transporter.
  2449 | D:3      | Found a runed translucent door.
  2450 | D:3      | Noticed Crazy Yiuf
  2460 | D:3      | Mangled by Crazy Yiuf

Illustrated notes

Levels and vault maps discovered:
D:1:      onia_arrival_zoo_common, layout_loops_ring, serial_shops, shop_coins,
          basic_ecumenical_altar, fountainhead, hangedman_abyss_or_decor_stabs
D:2:      cheibrodos_greedy_goblins, layout_loops_ring,
          kennysheep_decorative_pillar, uniq_natasha, uniq_jessica
D:3:      gammafunk_wand_slinger, layout_basic, serial_shops,
          nicolae_shop_advertising_works [nicolae_subvault_shop_adworks],
          uniq_crazy_yiuf_cottage

Skill      XL: |  1  2  3  4  5 |
---------------+----------------+-----
Spellcasting   | 5 |  5.3
Invocations    | 1 2 |  2.0
Short Blades   | 1 |  1.8
Long Blades    | 1 |  1.8
Axes           | 1 |  1.8
Maces & Flails | 1 |  1.8
Polearms       | 1 |  1.8
Staves         | 1 |  1.8
Ranged Weapons | 1 |  1.8
Throwing       | 1 |  1.8
Armour         | 1 |  1.8
Stealth        | 1 |  1.8
Shields        | 1 |  1.8
Evocations     | 1 |  1.8
Conjurations   | 1 |  1.4
Hexes          | 1 |  1.4
Summonings     | 1 |  1.4
Necromancy     | 1 |  1.4
Translocations | 1 |  1.4
Fire Magic     | 1 |  1.4
Ice Magic      | 1 |  1.4
Air Magic      | 1 |  1.4
Earth Magic    | 1 |  1.4
Poison Magic   | 1 |  1.4
Fighting       | 3 |  3.1
Transmutations | 4 |  4.0
Dodging        | |  4.9
Unarmed Combat | |  6.8

Action                   |  1- 3 |  4- 6 || total
-------------------------+-------+-------++-------
Melee: Unarmed           |    68 |    65 ||   133
       Kick              |    14 |       ||    14
       Punch             |     2 |       ||     2
       Headbutt          |    10 |       ||    10
       Bite              |     3 |       ||     3
 Fire: Sling             |    10 |    78 ||    88
 Cast: Beastly Appendage |    12 |       ||    12
       Wereblood         |     2 |     1 ||     3
       Spider Form       |     1 |    14 ||    15
 Abil: End Transformatio |       |     1 ||     1
  Use: Scroll            |       |     5 ||     5
       Potion            |       |     1 ||     1
 Stab: Sleeping          |     1 |       ||     1
Armor: Leather armour    |     7 |    10 ||    17
       Skin              |     1 |     1 ||     2
Dodge: Dodged            |    69 |    53 ||   122
